 Dungeon Crawl Stone Soup version 0.31.0-32-g396128a36d (webtiles) character file.

Game seed: 14286985224187089577

7134 AdnanSaban the Basher (level 11, -12/67 HPs)
             Began as a Gargoyle Fighter on Apr 13, 2024.
             Was a Priest of Okawaru.
             Shot with an arrow by a centaur warrior (20 damage)
             ... on level 10 of the Dungeon.
             The game lasted 00:17:37 (11328 turns).

AdnanSaban the Basher (Gargoyle Fighter)           Turns: 11328, Time: 00:17:37

Health: -12/67     AC: 20    Str: 25    XL:     11   Next: 10%
Magic:  14/14      EV: 10    Int:  8    God:    Okawaru [***...]
Gold:   506        SH:  9    Dex:  9    Spells: 10/10 levels left

rFire   + . .        E - +1 whip (elec)
rCold   + + .        O - +0 kite shield
rNeg    + . .        a - +1 scale mail {rC+}
rPois   ∞            N - +0 hat
rElec   +            J - scarf {rC+ rF+}
rCorr   .            R - +0 pair of gloves
SInv    .            i - +0 pair of boots
Will    .....        (no amulet) Stlth
                     y - ring of flight
HPRegen 0.31/turn    L - +4 ring of slaying
MPRegen 0.14/turn

%: no passive effects
@: flying
A: sickness immunity, AC +8, negative energy resistance 1, electricity
resistance, torment resistance 1, petrification resistance
a: Renounce Religion, Heroism


You were on level 10 of the Dungeon.
You worshipped Okawaru.
Okawaru was most pleased with you.
You visited 2 branches of the dungeon, and saw 11 of its levels.
You also visited: Sewer.

You collected 506 gold pieces.

Inventory:

Hand Weapons
 b - a +1 whip of venom
 E - a +1 whip of electrocution (weapon)
Missiles
 q - 38 poisoned darts (quivered)
 r - 8 curare-tipped darts
 D - a boomerang
 P - 4 javelins
 Q - 2 throwing nets
Armour
 a - a +1 scale mail of cold resistance (worn)
 i - a +0 pair of boots (worn)
 J - a scarf of resistance (worn)
 N - a +0 hat (worn)
 O - a +0 kite shield (worn)
 R - a +0 pair of gloves (worn)
Jewellery
 y - a ring of flight (left hand)
 B - a ring of ice
 L - a +4 ring of slaying (right hand)
Wands
 K - a wand of paralysis (9)
 M - a wand of roots (6)
 S - a wand of flame (2)
Scrolls
 c - a scroll of brand weapon {unknown}
 e - 12 scrolls of identify {unknown}
 j - 2 scrolls of immolation {unknown}
 l - 2 scrolls of silence {unknown}
 n - a scroll of poison {unknown}
 t - a scroll of summoning {unknown}
 u - 4 scrolls of enchant weapon {unknown}
 w - 7 scrolls of enchant armour {unknown}
 F - a scroll of teleportation {unknown}
 G - a scroll of fear {unknown}
Potions
 d - 2 potions of might
 f - 2 potions of curing {unknown}
 g - 2 potions of brilliance {unknown}
 h - 2 potions of enlightenment {unknown}
 k - 2 potions of mutation {unknown}
 m - 3 potions of heal wounds {unknown}
 o - a potion of magic {unknown}
 p - 3 potions of cancellation {unknown}
 s - 3 potions of resistance {unknown}
 v - a potion of haste {unknown}
 x - a potion of attraction {unknown}
 z - 2 potions of berserk rage {unknown}
 A - a potion of experience {unknown}
 C - 2 potions of invisibility {unknown}
 H - a potion of lignification {unknown}
 I - 2 potions of ambrosia {unknown}


   Skills:
 + Level 7.3 Fighting
 + Level 9.8 Maces & Flails
 + Level 2.6 Throwing
 + Level 8.9 Armour
 + Level 3.5 Dodging
 + Level 2.3 Stealth
 + Level 7.6 Shields
 * Level 5.0 Invocations


You had 10 spell levels left.
You didn't know any spells.
Your spell library contained the following spells:

 Spells                   Type           Power      Damage    Failure   Level
 Apportation              Tloc           0%         N/A       86%         1
 Necrotise                Necr           0%         1d4       86%         1
 Sting                    Conj/Alch      0%         1d3       86%         1
 Jinxbite                 Hex            0%         N/A       94%         2
 Mercury Vapours          Alch/Air       0%         N/A       94%         2
 Olgreb's Toxic Radiance  Alch           0%         N/A       100%        4
 Vhi's Electric Charge    Tloc/Air       0%         N/A       100%        4
 Alistair's Intoxication  Alch           0%         N/A       100%        5
 Arcjolt                  Conj/Air       0%         1d10      100%        5
 Borgnjor's Vile Clutch   Necr/Erth      0%         N/A       100%        5
 Plasma Beam              Fire/Air       0%         2x1d10    100%        6
 Summon Small Mammal      Summ           Unusable   N/A       N/A         1
 Animate Dead             Necr           Unusable   N/A       N/A         4
 Summon Forest            Summ/Tloc      Unusable   N/A       N/A         5
 Summon Mana Viper        Hex/Summ       Unusable   N/A       N/A         5
 Death Channel            Necr           Unusable   N/A       N/A         6
 Summon Cactus Giant      Summ           Unusable   N/A       N/A         6

Dungeon Overview and Level Annotations

Branches:
Dungeon (10/15)            Temple (1/1) D:7           Sewer (visited)
   Lair: D:8-11         Orc: D:9-12

Altars:
Ashenzari
Cheibriados
Dithmenos
Elyvilon
Fedhas
Gozag
Hepliaklqana
Kikubaaqudgha
Makhleb
Nemelex Xobeh
Okawaru
Qazlal
Ru
Sif Muna
Trog
Uskayaw
Vehumet
Wu Jian
Xom
Yredelemnul
Zin
The Shining One

Shops:
D:5 (   D:9 ?

Annotations:
D:8 2 transporters, nitefall's ghost, novice MiBe
D:9 4 transporters


Innate Abilities, Weirdness & Mutations

You are immune to sickness and miasma.
Your stone body is resilient. (AC +8)
You are immune to poison.
You resist negative energy. (rN+)
You are resistant to electric shocks. (rElec)
You are resistant to unholy torment.
You are immune to petrification.


Message History

No target in view!
No target in view!
No target in view!
No target in view!
No target in view!
No target in view!
No target in view!
No target in view!
No target in view!
No target in view!
No target in view!
Things that are here:
a +0 halberd; a gnoll corpse HP restored.
S - a wand of flame (2)
e - 12 scrolls labelled PEXIDO JUWA (gained 2)
An efreet and a centaur warrior come into view.
The efreet is wielding a +2 scimitar of flaming.
Found a manual of Unarmed Combat and a tin of tremorstones (2/2).
The centaur warrior shouts!
You hear a shout!
A brown ugly thing comes into view.
A centaur warrior is nearby!
The centaur warrior wields a +0 orcbow.
The centaur warrior shoots an arrow.
The arrow hits you!
The centaur warrior shoots an arrow.
The arrow hits you but does no damage.
The centaur warrior shoots an arrow.
The arrow hits you but does no damage.
The centaur warrior shoots an arrow.
The arrow hits you!!
The centaur warrior shoots an arrow.
The arrow hits you.
The centaur warrior shoots an arrow.
You block the arrow.
The centaur warrior shoots an arrow.
The arrow barely misses you.
The centaur warrior shoots an arrow.
The arrow closely misses you.
The centaur warrior shoots an arrow.
You block the arrow.
The centaur warrior shoots an arrow.
The arrow hits you!
* * * LOW HITPOINT WARNING * * *
The centaur warrior shoots an arrow.
The arrow hits you!
* * * LOW HITPOINT WARNING * * *
The centaur warrior shoots an arrow.
The arrow hits you but does no damage.
The centaur warrior shoots an arrow.
You block the arrow.
The centaur warrior shoots an arrow.
The arrow hits you!!
You die...

♣#..
.###...........
. .
#..###.c..####
u #..###..#
#.....# ####..#
###....#
###......#
###........#
#......##@.#
...#######..# .
#..# #..# ...#
...# ...# ....#


You could see a centaur warrior.

Vanquished Creatures
  A two-headed ogre (D:8)
  Maggie (D:7)
  A troll (shapeshifter) (D:8)
  4 yaks (D:9)
  A steam dragon (D:7)
  An acid dragon (D:9)
  Duvessa (D:5)
  2 water moccasins
  An orc warrior (Temple)
  An ice beast (D:7)
  A laughing skull (D:8)
  2 sky beasts (D:7)
  2 ogres (D:5)
  3 centaurs
  2 phantoms
  2 bullfrogs
  11 kobold brigands
  3 gnoll sergeants
  2 scorpions
  8 wights
  Dowan (D:5)
  16 killer bees
  An electric eel (D:6)
  4 howler monkeys
  3 jellies
  2 bombardier beetles
  4 crimson imps (D:8)
  4 hounds
  4 orc priests
  4 iguanas
  3 sleepcaps
  2 scorpion zombies (D:2)
  5 orc wizards
  20 gnolls
  10 adders
  2 river rats (Sewer)
  A shadow imp (D:5)
  3 white imps
  2 adder zombies (D:2)
  2 adder skeletons (D:2)
  4 dart slugs
  6 ribbon worms
  30 orcs
  15 ball pythons
  A bat zombie (D:2)
  7 endoplasms
  3 giant cockroaches
  11 goblins
  6 hobgoblins
  4 jackals (D:4)
  4 quokkas
  2 ball python skeletons (D:2)
  6 bats
  3 frilled lizards
  A jackal zombie (D:2)
  44 kobolds
  10 rats
300 creatures vanquished.

Vanquished Creatures (others)
  A quokka (D:6)
1 creature vanquished.

Grand Total: 301 creatures vanquished

Notes
Turn   | Place    | Note
-------+----------+-------------------------------------------
     0 | D:1      | AdnanSaban the Gargoyle Fighter began the quest for the
                  | Orb.
     0 | D:1      | Reached XP level 1. HP: 14/14 MP: 1/1
    70 | D:1      | Reached XP level 2. HP: 16/19 MP: 2/2
   370 | D:1      | Reached XP level 3. HP: 23/23 MP: 3/3
   935 | D:2      | Reached XP level 4. HP: 26/28 MP: 4/4
   944 | D:2      | Reached skill level 1 in Dodging
   988 | D:2      | Reached skill level 3 in Maces & Flails
  1159 | D:2      | Reached XP level 5. HP: 28/32 MP: 5/5
  1782 | D:3      | Found a glowing drain.
  1789 | Sewer    | Entered a sewer
  1796 | Sewer    | Noticed a kobold brigand
  1820 | Sewer    | Killed a kobold brigand
  1821 | Sewer    | Reached XP level 6. HP: 4/38 MP: 6/6
  1826 | Sewer    | Reached skill level 5 in Armour
  2161 | Sewer    | Reached skill level 4 in Maces & Flails
  2495 | D:2      | Reached XP level 7. HP: 34/43 MP: 7/7
  3384 | D:4      | Found a shadowy altar of Dithmenos.
  3386 | D:4      | Found a shimmering blue altar of Sif Muna.
  3393 | D:4      | Found a burning altar of Makhleb.
  3393 | D:4      | Found a hazy altar of Hepliaklqana.
  3393 | D:4      | Found an ancient bone altar of Kikubaaqudgha.
  3393 | D:4      | Found a stormy altar of Qazlal.
  3394 | D:4      | Found a blossoming altar of Fedhas.
  3395 | D:4      | Found a broken altar of Ashenzari.
  3396 | D:4      | Found a sacrificial altar of Ru.
  3528 | D:3      | Reached skill level 5 in Maces & Flails
  4037 | D:5      | Entered Level 5 of the Dungeon
  4387 | D:5      | Reached XP level 8. HP: 48/48 MP: 8/8
  4425 | D:5      | Reached skill level 5 in Shields
  4487 | D:5      | Found Famaupt's Weapon Shop.
  4499 | D:5      | Noticed Dowan
  4500 | D:5      | Noticed Duvessa
  4950 | D:5      | Reached skill level 6 in Maces & Flails
  5034 | D:5      | Reached skill level 1 in Throwing
  5188 | D:5      | Killed Duvessa
  5189 | D:5      | Reached skill level 5 in Fighting
  5196 | D:5      | Killed Dowan
  5313 | D:6      | Reached skill level 1 in Stealth
  5453 | D:6      | Found a white marble altar of Elyvilon.
  5502 | D:6      | Reached XP level 9. HP: 43/54 MP: 9/9
  6340 | D:6      | Reached skill level 7 in Maces & Flails
  6702 | D:7      | Found a staircase to the Ecumenical Temple.
  6756 | Temple   | Entered the Ecumenical Temple
  6838 | Temple   | Became a worshipper of Warmaster Okawaru
  6951 | D:7      | Noticed Maggie
  7233 | D:8      | Identified the +6 falchion "Itruejaz" {venom, *Noise rC+
                  | Dex+5}
  7383 | D:8      | Identified the +2 leather armour of Utamoq {Str+5}
  7424 | D:8      | Found a shimmering altar of Xom.
  7455 | D:8      | Reached * piety under Okawaru
  7755 | D:8      | Reached skill level 8 in Maces & Flails
  7769 | D:8      | Reached skill level 1 in Invocations
  7804 | D:8      | Found a transporter.
  7807 | D:8      | Noticed nitefall's ghost (novice MiBe)
  7808 | D:8      | Found a transporter.
  7808 | D:8      | Identified the +11 giant club "Trog's Brutal Revenge"
                  | {freeze, rElec Int+4}
  7808 | D:8      | Identified the +4 great mace "Jeihi" {flame, rC- rN+ Will+
                  | Int+5}
  7808 | D:8      | Noticed a two-headed ogre
  7837 | D:8      | Reached XP level 10. HP: 60/61 MP: 10/10
  7906 | D:8      | Noticed a two-headed ogre
  7911 | D:8      | Killed a two-headed ogre
  8433 | D:7      | Reached skill level 9 in Maces & Flails
  8814 | D:7      | Killed Maggie
  8814 | D:7      | Reached ** piety under Okawaru
  8968 | D:9      | Noticed a centaur warrior
  9629 | D:9      | Found a transporter.
  9630 | D:9      | Found a transporter.
  9632 | D:9      | Found a transporter.
  9768 | D:9      | Found a transporter.
  9820 | D:9      | Found Syrereyrgh's Magic Scroll Boutique.
 10308 | D:9      | Noticed a catoblepas
 10452 | D:10     | Entered Level 10 of the Dungeon
 10837 | D:9      | Reached *** piety under Okawaru
 10838 | D:9      | Reached XP level 11. HP: 46/67 MP: 14/14
 11192 | D:10     | Reached skill level 5 in Invocations
 11298 | D:10     | Noticed a centaur warrior
 11298 | D:10     | Noticed a brown ugly thing
 11328 | D:10     | Shot with an arrow by a centaur warrior

Illustrated notes

Levels and vault maps discovered:
D:1:      minmay_arrival_doors, layout_basic, minmay_misc_feat_ornament
D:2:      layout_basic, serial_undead, serial_undead_d, serial_undead_c,
          serial_undead_c, serial_undead_a, serial_undead_a, serial_undead_a,
          serial_undead_c
D:3:      layout_rooms, gup_sewer_entry_spiral, serial_bayou_pond_b,
          minmay_misc_feat_iff
D:4:      layout_basic, minitemple
D:5:      layout_gridville, serial_shops, nicolae_shop_bloodbath_and_beyond,
          chequers_serial_rivers_room_a, uniq_duvessa
D:6:      layout_basic, elyvilon_altar_4, serial_library,
          serial_library_hellmonk_long_bookcase,
          serial_library_hellmonk_hallway_a,
          serial_library_regret_index_small_wings,
          serial_library_hellmonk_room_a, serial_library_hellmonk_filled_rooms,
          nicolae_water_bricks
D:7:      layout_gridville, minmay_temple_entry_glassed_door, uniq_maggie
D:8:      layout_loops_corners, led_xom_imps, gammafunk_ghost_smash
D:9:      cheibrodos_elevator_heist, layout_loops_corners, serial_shops, shop,
          nicolae_diode_quadrants
D:10:     minmay_the_grid_triangle_9x9_recursive_2_mashed
          [minmay_the_grid_triangle_9x9_prize_schism,
          minmay_the_grid_triangle_9x9_thin_v,
          minmay_the_grid_triangle_9x9_shrine,
          minmay_the_grid_triangle_9x9_cache], layout_small_grid, uniq_maurice
Temple:   nicolae_temple_ecumenical_triangle

Skill      XL: |  1  2  3  4  5  6  7  8  9 10 11 |
---------------+----------------------------------+-----
Dodging        | 1 2 3 |  3.5
Armour         | 4 5 6 7 8 |  8.9
Maces & Flails | 3 4 5 6 8 9 |  9.8
Shields        | 4 5 6 7 |  7.6
Fighting       | 4 5 6 7 |  7.3
Throwing       | 1 2 |  2.6
Stealth        | 1 2 |  2.3
Invocations    | 1 4 5 |  5.0

Action                     |  1- 3 |  4- 6 |  7- 9 | 10-12 || total
---------------------------+-------+-------+-------+-------++-------
  Melee: Flail             |   138 |   254 |    68 |       ||   460
         Whip              |       |       |   481 |   329 ||   810
  Throw: Dart              |       |       |    25 |     7 ||    32
 Invoke: Heroism           |       |       |       |     3 ||     3
    Use: Potion            |       |     1 |       |       ||     1
 Armour: Scale mail        |   140 |   278 |   339 |   224 ||   981
  Dodge: Dodged            |    84 |   191 |   201 |   128 ||   604
  Block: Buckler           |    32 |    88 |   105 |    11 ||   236
         Kite shield       |       |       |       |   137 ||   137
